[Event "2nd Cambridge Open 2024"]
[Site "Cambridge"]
[Date "2024.02.21"]
[Round "5.32"]
[White "Hutchinson, Norman A"]
[Black "Martin, Lewis"]
[Result "0-1"]
[ECO "B12"]
[WhiteElo "1962"]
[BlackElo "2144"]
[Annotator "RC"]
[PlyCount "106"]
[EventDate "2024.02.18"]
[EventType "swiss"]
[EventCountry "ENG"]
[SourceTitle "playchess.com"]
[Source "ChessBase"]
[SourceQuality "1"]
[TimeControl "5400+30"]

1. e4 c6 2. d4 d5 3. e5 Bf5 4. h4 h5 5. c4 e6 6. Nc3 Nd7 7. Nge2 Ne7 8. Bg5 Qc7 9. Ng3 Bg6 10. Bd3 Bxd3 11. Qxd3 f6 12. exf6 gxf6 13. Be3 Nb6 14. cxd5 Nexd5 15. O-O O-O-O 16. Rac1 Kb8 17. Qe2 Qf7 18. Qf3 Be7 19. Rfe1 Rdg8 20. Nge4 Rg4 21. g3 Qg6 22. Kf1 Rf8 23. Nxd5 Nxd5 24. Nc3 Nb4 25. Bf4+ e5 26. dxe5 fxe5 27. Bxe5+ Ka8 28. Qe3 Nc2 29. Rxc2 Qxc2 30. Bd4 Bd8 31. Qe6 Qf5 32. Qxf5 Rxf5 33. Be5 b5 34. Bd6 Bb6 35. Re8+ Kb7 36. Bf4 Rgxf4 37. gxf4 Rxf4 38. Ne4 Rxh4 39. Re7+ Kc8 40. Nd6+ Kd8 41. Rf7 Rd4 42. Nf5 Rf4 43. Nd6 Rxf7 44. Nxf7+ Ke7 45. Ne5 Kd6 46. Nd3 c5 47. Nf4 h4 48. Ng2 Bd8 49. Nf4 c4 50. Ke2 a5 51. Nh3 Bf6 52. b3 cxb3 53. axb3 a4 0-1

[Event "2nd Cambridge Open 2024"]
[Site "Cambridge"]
[Date "2024.02.21"]
[Round "5.33"]
[White "Myall, Ivan J"]
[Black "Banerjee, Supratit"]
[Result "1-0"]
[ECO "C02"]
[WhiteElo "1951"]
[BlackElo "1984"]
[Annotator "RC"]
[PlyCount "105"]
[EventDate "2024.02.18"]
[EventType "swiss"]
[EventCountry "ENG"]
[SourceTitle "playchess.com"]
[Source "ChessBase"]
[SourceQuality "1"]
[TimeControl "5400+30"]

1. e4 e6 2. d4 d5 3. e5 c5 4. c3 Nc6 5. Be3 Qb6 6. Qd2 cxd4 7. cxd4 Nge7 8. Nf3 Nf5 9. Bd3 Nxe3 10. fxe3 Be7 11. O-O O-O 12. Nc3 Bd7 13. Kh1 Nb4 14. Bb1 Rac8 15. a3 Nc6 16. e4 dxe4 17. Nxe4 f5 18. exf6 Bxf6 19. Nxf6+ Rxf6 20. Ba2 Rcf8 21. Rad1 Kh8 22. Rfe1 Qc7 23. Ne5 Rf2 24. Qc3 Be8 25. Bxe6 Qb6 26. Nxc6 Bxc6 27. d5 Ba4 28. Rc1 Bc2 29. h3 Qd6 30. Kg1 Qb6 31. Kh2 Bg6 32. b4 Qd8 33. Qg3 Qf6 34. Rc8 Qd4 35. d6 Qd2 36. Rxf8+ Rxf8 37. d7 h6 38. Re5 Kh7 39. Rd5 Qe2 40. Bg4 Qe7 41. Qd6 Qd8 42. Rc5 Rf2 43. Rc8 Be4 44. Bf5+ Rxf5 45. Rxd8 Rg5 46. Qd2 Bc6 47. Rc8 Bxd7 48. Qxd7 a5 49. Qd3+ Rg6 50. Rd8 axb4 51. Rd6 bxa3 52. Qxg6+ Kg8 53. Rd8# 1-0

[Event "2nd Cambridge Open 2024"]
[Site "Cambridge"]
[Date "2024.02.21"]
[Round "5.34"]
[White "Waller, Dan"]
[Black "Skettos, Nicolas"]
[Result "1/2-1/2"]
[ECO "C13"]
[WhiteElo "2126"]
[BlackElo "1880"]
[Annotator "RC"]
[PlyCount "130"]
[EventDate "2024.02.18"]
[EventType "swiss"]
[EventCountry "ENG"]
[SourceTitle "playchess.com"]
[Source "ChessBase"]
[SourceQuality "1"]
[TimeControl "5400+30"]

1. e4 e6 2. d4 d5 3. Nc3 Nf6 4. Bg5 dxe4 5. Nxe4 Nbd7 6. Nf3 h6 7. Bxf6 Nxf6 8. Bd3 Be7 9. O-O O-O 10. Qe2 Nd5 11. Bc4 b6 12. Rfe1 Bb7 13. Rad1 a6 14. Ne5 Nf6 15. Ng3 b5 16. Bd3 Qd5 17. Ne4 Qxa2 18. Nxf6+ Bxf6 19. b3 Rad8 20. Qg4 Qb2 21. Re3 Kh8 22. Qh5 Bxe5 23. dxe5 c5 24. Rg3 c4 25. bxc4 bxc4 26. Qg4 Qxe5 27. Qxc4 a5 28. h3 Ra8 29. f4 Qf6 30. Rb1 Bd5 31. Qa4 Qc3 32. Kh2 Bc6 33. Bb5 Bxb5 34. Rxb5 Qf6 35. Rf3 Qd8 36. Ra3 Qc7 37. Qe4 Rfc8 38. c3 Qc6 39. Qxc6 Rxc6 40. f5 exf5 41. Rxf5 Kg8 42. Rfxa5 Rxa5 43. Rxa5 Rxc3 44. Ra7 h5 45. h4 g6 46. g3 Kg7 47. Rb7 Rf3 48. Kg2 Rf5 49. Ra7 g5 50. hxg5 Rxg5 51. Kf3 Rb5 52. Ra6 Rb4 53. Ra7 h4 54. gxh4 Rxh4 55. Kg3 Rb4 56. Kf3 Kg6 57. Ra5 f6 58. Rc5 Rb1 59. Kf2 Rb3 60. Rc4 Kg5 61. Ra4 f5 62. Rc4 Rb5 63. Ra4 f4 64. Ra8 Kg4 65. Rg8+ Kf5 1/2-1/2

[Event "2nd Cambridge Open 2024"]
[Site "Cambridge"]
[Date "2024.02.21"]
[Round "5.35"]
[White "Ward, Ieuan C"]
[Black "Simpson, Ben"]
[Result "1-0"]
[ECO "A62"]
[WhiteElo "2028"]
[BlackElo "1873"]
[Annotator "RC"]
[PlyCount "61"]
[EventDate "2024.02.18"]
[EventType "swiss"]
[EventCountry "ENG"]
[SourceTitle "playchess.com"]
[Source "ChessBase"]
[SourceQuality "1"]
[TimeControl "5400+30"]

1. d4 Nf6 2. c4 g6 3. Nc3 Bg7 4. Nf3 O-O 5. Bg5 c5 6. d5 h6 7. Bd2 d6 8. g3 e6 9. Bg2 exd5 10. cxd5 Re8 11. O-O Na6 12. Ne1 Nc7 13. a4 b6 14. Nc2 Bf5 15. Ne3 Be4 16. Nxe4 Nxe4 17. Bc1 a6 18. h4 b5 19. h5 Kh7 20. Qc2 Qe7 21. Ra3 c4 22. hxg6+ fxg6 23. Nxc4 bxc4 24. Re3 c3 25. Rxe4 Qf6 26. bxc3 Qxc3 27. Qxc3 Bxc3 28. Rc4 Ba5 29. e4 Re7 30. Ba3 Rd8 31. Rc6 1-0

[Event "2nd Cambridge Open 2024"]
[Site "Cambridge"]
[Date "2024.02.21"]
[Round "5.36"]
[White "Samarakoon, Vivash Ransara"]
[Black "Crocker, Philip J"]
[Result "1/2-1/2"]
[ECO "C77"]
[WhiteElo "1839"]
[BlackElo "2137"]
[Annotator "RC"]
[PlyCount "57"]
[EventDate "2024.02.18"]
[EventType "swiss"]
[EventCountry "ENG"]
[SourceTitle "playchess.com"]
[Source "ChessBase"]
[SourceQuality "1"]
[TimeControl "5400+30"]

1. e4 e5 2. Nf3 Nc6 3. Bb5 a6 4. Ba4 Nf6 5. O-O d6 6. Re1 Bd7 7. c3 g6 8. d3 Bg7 9. Nbd2 O-O 10. Nf1 h6 11. Bb3 Kh8 12. Ng3 Nh7 13. Kh1 Qe8 14. Ng1 f5 15. f4 fxe4 16. Nxe4 Qd8 17. Rf1 Qe7 18. Qc2 g5 19. g3 gxf4 20. gxf4 Qh4 21. Nf3 Qh3 22. Qg2 exf4 23. Qxh3 Bxh3 24. Nh4 Ne7 25. Rxf4 Rxf4 26. Bxf4 Rf8 27. Be3 Nf6 28. Nf2 Ng4 29. Nxh3 1/2-1/2

[Event "2nd Cambridge Open 2024"]
[Site "Cambridge"]
[Date "2024.02.21"]
[Round "5.37"]
[White "McMahon, Paul"]
[Black "Okhai, Shabir"]
[Result "0-1"]
[ECO "C91"]
[WhiteElo "1862"]
[BlackElo "2114"]
[Annotator "RC"]
[PlyCount "71"]
[EventDate "2024.02.18"]
[EventType "swiss"]
[EventCountry "ENG"]
[SourceTitle "playchess.com"]
[Source "ChessBase"]
[SourceQuality "1"]
[TimeControl "5400+30"]

1. e4 e5 2. Nf3 Nc6 3. Bb5 a6 4. Ba4 Nf6 5. O-O Be7 6. Re1 b5 7. Bb3 O-O 8. c3 d6 9. d4 Bg4 10. d5 Na5 11. Bc2 c6 12. a4 cxd5 13. exd5 Nc4 14. b3 Nb6 15. axb5 axb5 16. Rxa8 Qxa8 17. Nbd2 Nbxd5 18. Bb2 Nf4 19. Qb1 h6 20. Bf5 Bxf5 21. Qxf5 Qc8 22. Qxc8 Rxc8 23. c4 Nd3 24. Rb1 bxc4 25. Nxc4 d5 26. Ne3 Bd6 27. Kf1 Nxb2 28. Rxb2 e4 29. Nd4 Rc1+ 30. Ke2 Bb4 31. Nec2 Bc3 32. Ra2 Ng4 33. Ra8+ Kh7 34. h3 Ne5 35. Ra6 Nd3 36. g3 0-1

[Event "2nd Cambridge Open 2024"]
[Site "Cambridge"]
[Date "2024.02.21"]
[Round "5.38"]
[White "Gardiner, Eric D"]
[Black "Homer, Stephen J"]
[Result "1/2-1/2"]
[ECO "B22"]
[WhiteElo "1837"]
[BlackElo "2045"]
[Annotator "RC"]
[PlyCount "96"]
[EventDate "2024.02.18"]
[EventType "swiss"]
[EventCountry "ENG"]
[SourceTitle "playchess.com"]
[Source "ChessBase"]
[SourceQuality "1"]
[TimeControl "5400+30"]

1. e4 c5 2. c3 d5 3. exd5 Qxd5 4. d4 Nf6 5. Nf3 e6 6. Na3 a6 7. Nc4 Nbd7 8. Be2 Be7 9. O-O O-O 10. Re1 cxd4 11. Nxd4 Qc5 12. Qd3 Ne5 13. Nxe5 Qxe5 14. Bd2 Qc7 15. Rad1 Bd7 16. Bf3 Rfd8 17. Qe2 Re8 18. Bg5 Ng4 19. Bxg4 Bxg5 20. Nf3 Bf6 21. Ne5 Bxe5 22. Qxe5 Qxe5 23. Rxe5 Bc6 24. Bf3 Bxf3 25. gxf3 f6 26. Rc5 Re7 27. Rd6 Kf7 28. a4 g5 29. b4 Kg6 30. b5 axb5 31. axb5 Rg8 32. b6 Rgg7 33. Rd8 e5 34. Rcd5 Kf5 35. Kf1 h5 36. h3 Kf4 37. Ke2 Re6 38. R8d6 Rge7 39. c4 e4 40. fxe4 Rxd6 41. Rxd6 Kxe4 42. f3+ Kf4+ 43. Kf2 f5 44. c5 g4 45. fxg4 hxg4 46. hxg4 Kxg4 47. c6 bxc6 48. Rxc6 Rb7 1/2-1/2

[Event "2nd Cambridge Open 2024"]
[Site "Cambridge"]
[Date "2024.02.21"]
[Round "5.39"]
[White "Hutchinson, Paul A"]
[Black "Woods, Yannick"]
[Result "1/2-1/2"]
[ECO "E61"]
[WhiteElo "2013"]
[BlackElo "1856"]
[Annotator "RC"]
[PlyCount "148"]
[EventDate "2024.02.18"]
[EventType "swiss"]
[EventCountry "ENG"]
[SourceTitle "playchess.com"]
[Source "ChessBase"]
[SourceQuality "1"]
[TimeControl "5400+30"]

1. d4 Nf6 2. c4 g6 3. Nc3 Bg7 4. Bg5 d6 5. e3 O-O 6. Be2 Nbd7 7. Nf3 c6 8. Qc2 Qc7 9. O-O h6 10. Bh4 Re8 11. Rfd1 g5 12. Bg3 Nh5 13. Rac1 Nxg3 14. hxg3 Nf6 15. b4 e5 16. c5 dxc5 17. bxc5 e4 18. Ne5 Be6 19. Bc4 Bd5 20. Qb3 Rad8 21. Rb1 Re7 22. Bxd5 Nxd5 23. Nc4 Bf8 24. Nd6 Nxc3 25. Qxc3 b5 26. Qc2 a6 27. Nxe4 Re6 28. g4 Rde8 29. Nd2 Bg7 30. Nf1 Re4 31. f3 R4e7 32. d5 cxd5 33. Rxd5 Re5 34. Rbd1 Bf8 35. c6 Rxd5 36. Rxd5 Rc8 37. Qf5 Qxc6 38. Ng3 Re8 39. Ne4 Re6 40. Kf2 Qc2+ 41. Rd2 Qc6 42. Qd5 Qxd5 43. Rxd5 Rc6 44. Ke2 Bb4 45. Kd3 Kf8 46. Ng3 Ke7 47. Nf5+ Ke6 48. Rd4 Rc3+ 49. Ke4 Bc5 50. Rd2 a5 51. Nd4+ Bxd4 52. Kxd4 Rc4+ 53. Kd3 Kd5 54. g3 b4 55. Rb2 Rc3+ 56. Kd2 Kc4 57. f4 a4 58. f5 Rd3+ 59. Ke2 b3 60. axb3+ axb3 61. Rb1 Rd6 62. e4 Kc3 63. Rc1+ Kb2 64. Rc5 Ka2 65. Ra5+ Kb1 66. e5 Rd7 67. e6 fxe6 68. fxe6 Re7 69. Ra6 b2 70. Kd2 Rc7 71. Rb6 Ka2 72. Ra6+ Kb3 73. Rb6+ Ka2 74. Ra6+ Kb3 1/2-1/2

[Event "2nd Cambridge Open 2024"]
[Site "Cambridge"]
[Date "2024.02.21"]
[Round "5.40"]
[White "Yu, Rock"]
[Black "Golubovic, Erik"]
[Result "0-1"]
[ECO "A36"]
[WhiteElo "1767"]
[BlackElo "2025"]
[Annotator "RC"]
[PlyCount "128"]
[EventDate "2024.02.18"]
[EventType "swiss"]
[EventCountry "ENG"]
[SourceTitle "playchess.com"]
[Source "ChessBase"]
[SourceQuality "1"]
[TimeControl "5400+30"]

1. c4 Nf6 2. Nc3 c5 3. g3 g6 4. Bg2 Bg7 5. e4 Nc6 6. Nge2 d6 7. O-O Bg4 8. h3 Bxe2 9. Nxe2 Nd7 10. Rb1 O-O 11. a3 Rb8 12. Nc3 Nd4 13. b4 b6 14. Bb2 e6 15. Ne2 a5 16. b5 Nxe2+ 17. Qxe2 Bd4 18. d3 Qf6 19. Kh2 Bxb2 20. Qxb2 Qxb2 21. Rxb2 Rfd8 22. g4 g5 23. f4 h6 24. Kg3 Nf8 25. Rbf2 Rd7 26. f5 exf5 27. gxf5 Nh7 28. a4 Nf6 29. Bf3 Kh7 30. Rh2 Rg8 31. Rfh1 Rdd8 32. Kf2 Rg7 33. Rc1 Kg8 34. Rd1 Kf8 35. Ke3 Ke7 36. Rhd2 h5 37. d4 cxd4+ 38. Rxd4 Rgg8 39. R4d2 g4 40. hxg4 hxg4 41. Bg2 g3 42. Kf3 Ng4 43. Rd4 Ne5+ 44. Ke2 f6 45. Rc1 Rh8 46. Rc3 Rdg8 47. Kf1 Rh4 48. Re3 Rf4+ 49. Kg1 Rf2 50. Rxg3 Rxg3 51. Kxf2 Ra3 52. Rd1 Rxa4 53. Rh1 Nxc4 54. Rh7+ Kf8 55. Kg3 Ra3+ 56. Kh4 Ne3 57. Kh5 Nxg2 58. Kg6 Rg3+ 59. Kxf6 Ne3 60. Rf7+ Ke8 61. Re7+ Kd8 62. Rb7 Nc4 63. Ke6 Rg4 64. Kd5 Nd2 0-1

[Event "2nd Cambridge Open 2024"]
[Site "Cambridge"]
[Date "2024.02.21"]
[Round "5.41"]
[White "Rida, Ruqayyah"]
[Black "Davison, Chris"]
[Result "1-0"]
[ECO "C42"]
[WhiteElo "1743"]
[BlackElo "2013"]
[Annotator "RC"]
[PlyCount "97"]
[EventDate "2024.02.18"]
[EventType "swiss"]
[EventCountry "ENG"]
[SourceTitle "playchess.com"]
[Source "ChessBase"]
[SourceQuality "1"]
[TimeControl "5400+30"]

1. e4 e5 2. Nf3 Nf6 3. Nxe5 d6 4. Nf3 Nxe4 5. d4 d5 6. Bd3 Bd6 7. O-O O-O 8. c4 c6 9. Qc2 Re8 10. Nc3 Na6 11. a3 Bg4 12. Ne1 Nxc3 13. bxc3 Qh4 14. h3 dxc4 15. Bxc4 Nc7 16. Qd2 h6 17. f4 b5 18. Bd3 Bh5 19. Qf2 Qxf2+ 20. Kxf2 f6 21. Bd2 Nd5 22. g3 Nb6 23. Nc2 a5 24. Ne3 Bf7 25. Rfb1 a4 26. Be2 Bg6 27. Rc1 Be4 28. c4 Nxc4 29. Bxc4+ bxc4 30. Nxc4 Bc7 31. Bb4 Bd3 32. Rc3 Re2+ 33. Kf3 Bxc4 34. Rxc4 Rae8 35. Rxc6 f5 36. Rc3 Bd8 37. Rd1 R8e4 38. Bd6 Bf6 39. Be5 Be7 40. Rb1 Ra2 41. d5 Rxa3 42. Rxa3 Bxa3 43. d6 Kf7 44. d7 Be7 45. Rb8 a3 46. d8=Q Bxd8 47. Rxd8 g5 48. Ra8 gxf4 49. Bxf4 1-0

[Event "2nd Cambridge Open 2024"]
[Site "Cambridge"]
[Date "2024.02.21"]
[Round "5.42"]
[White "Blauhut, Holger"]
[Black "Chan, Michelle (Ngo Yu)"]
[Result "1-0"]
[ECO "C56"]
[WhiteElo "2016"]
[BlackElo "1681"]
[Annotator "RC"]
[PlyCount "95"]
[EventDate "2024.02.18"]
[EventType "swiss"]
[EventCountry "ENG"]
[SourceTitle "playchess.com"]
[Source "ChessBase"]
[SourceQuality "1"]
[TimeControl "5400+30"]

1. e4 e5 2. Nf3 Nc6 3. Bc4 Bc5 4. c3 Nf6 5. d4 exd4 6. O-O dxc3 7. e5 d5 8. exf6 dxc4 9. Qxd8+ Nxd8 10. fxg7 Rg8 11. Nxc3 Rxg7 12. Nd5 Ne6 13. Re1 Kd8 14. Ne5 Bd6 15. Bh6 Bxe5 16. Rxe5 Rg6 17. Rd1 Bd7 18. Rh5 c6 19. Nf4 Nxf4 20. Bxf4 Ke7 21. Rxh7 Bg4 22. Re1+ Be6 23. f3 Rag8 24. Bg3 R8g7 25. Rh4 Kd7 26. Re2 Bd5 27. Rf4 Re6 28. Rd2 Ke8 29. Bf2 a6 30. g4 Rgg6 31. Kg2 f5 32. Kg3 fxg4 33. fxg4 b5 34. h4 b4 35. Bd4 a5 36. Rdf2 Rg8 37. g5 Kd7 38. Bc5 Re4 39. Rxe4 Bxe4 40. Kf4 Bd3 41. h5 Ke6 42. Rf3 Kd5 43. Be7 Re8 44. Bf6 Re4+ 45. Kg3 Be2 46. Rf5+ Kd6 47. h6 Re8 48. Re5 1-0

[Event "2nd Cambridge Open 2024"]
[Site "Cambridge"]
[Date "2024.02.21"]
[Round "5.43"]
[White "Iyengar, Ilya"]
[Black "Maton, Emily"]
[Result "1/2-1/2"]
[ECO "D03"]
[WhiteElo "1972"]
[BlackElo "1736"]
[Annotator "RC"]
[PlyCount "79"]
[EventDate "2024.02.18"]
[EventType "swiss"]
[EventCountry "ENG"]
[SourceTitle "playchess.com"]
[Source "ChessBase"]
[SourceQuality "1"]
[TimeControl "5400+30"]

1. d4 Nf6 2. Nf3 e6 3. Bg5 c5 4. e3 d5 5. c3 h6 6. Bh4 Nc6 7. Nbd2 Be7 8. Bd3 Qc7 9. Bg3 Qb6 10. Qc2 Bd7 11. h3 Rc8 12. a3 cxd4 13. exd4 Na5 14. a4 Nc4 15. Nxc4 dxc4 16. Be2 Bc6 17. O-O Be4 18. Qc1 Bd6 19. Ne5 Bd5 20. a5 Qc7 21. f4 Ne4 22. Bh2 O-O 23. Ra4 Bxe5 24. fxe5 Qd7 25. Ra3 f5 26. exf6 Rxf6 27. Rxf6 Nxf6 28. Be5 Rf8 29. Ra1 Ne4 30. Bf3 Ng5 31. Bxd5 exd5 32. a6 b6 33. Qc2 Ne4 34. Rf1 Rxf1+ 35. Kxf1 Qb5 36. Qe2 Qxa6 37. Kg1 Qb7 38. Qg4 Qf7 39. Kh2 Nf6 40. Qc8+ 1/2-1/2

[Event "2nd Cambridge Open 2024"]
[Site "Cambridge"]
[Date "2024.02.21"]
[Round "5.44"]
[White "De Coverly, Roger D"]
[Black "Reynolds, D Ian W"]
[Result "1/2-1/2"]
[ECO "C91"]
[WhiteElo "1893"]
[BlackElo "1960"]
[Annotator "RC"]
[PlyCount "99"]
[EventDate "2024.02.18"]
[EventType "swiss"]
[EventCountry "ENG"]
[SourceTitle "playchess.com"]
[Source "ChessBase"]
[SourceQuality "1"]
[TimeControl "5400+30"]

1. e4 e5 2. Nf3 Nc6 3. Bb5 a6 4. Ba4 Nf6 5. O-O Be7 6. Re1 b5 7. Bb3 O-O 8. d4 d6 9. c3 Bg4 10. d5 Na5 11. Bc2 c6 12. h3 Bd7 13. Nxe5 dxe5 14. d6 Bxd6 15. Qxd6 Nc4 16. Qd3 Be6 17. b3 Qxd3 18. Bxd3 Rfd8 19. Bc2 Na5 20. Be3 Nd7 21. Nd2 f6 22. a4 Nb7 23. Ra3 Ndc5 24. b4 Nxa4 25. Bxa4 bxa4 26. Rxa4 Nd6 27. Rea1 Nc4 28. Nf1 Bc8 29. Bc5 Rd3 30. Rc1 Bb7 31. Ne3 Nxe3 32. Bxe3 Rad8 33. Kf1 Rd1+ 34. Rxd1 Rxd1+ 35. Ke2 Rd7 36. f3 Kf7 37. Ra5 Ke6 38. Rc5 Rd8 39. g3 Rd7 40. f4 exf4 41. gxf4 g6 42. Bd4 Kf7 43. h4 Re7 44. Kf3 Re6 45. h5 Re7 46. h6 Re8 47. e5 fxe5 48. Bxe5 Rd8 49. Bd4 Rd5 50. Rxd5 1/2-1/2

[Event "2nd Cambridge Open 2024"]
[Site "Cambridge"]
[Date "2024.02.21"]
[Round "5.45"]
[White "OShea, Colm"]
[Black "Cole, James"]
[Result "0-1"]
[ECO "A35"]
[WhiteElo "1729"]
[BlackElo "1940"]
[Annotator "NA RC"]
[PlyCount "90"]
[EventDate "2024.02.18"]
[EventType "swiss"]
[EventCountry "ENG"]
[SourceTitle "playchess.com"]
[Source "ChessBase"]
[SourceQuality "1"]
[TimeControl "5400+30"]

1. e4 c6 2. c4 d5 3. cxd5 cxd5 4. exd5 Nf6 5. Nc3 Nxd5 6. Nf3 Nc6 7. Bb5 g6 8. O-O Bg7 9. d4 O-O 10. Bc4 Nb6 11. Bb3 Nxd4 12. Nxd4 Qxd4 13. Qf3 Qg4 14. Qe3 e6 15. h3 Qd4 16. Qf3 Qf6 17. Qe2 Bd7 18. Ne4 Qe5 19. Re1 Bc6 20. Nc3 Qxe2 21. Rxe2 Rfd8 22. Bg5 Rd7 23. Rd1 Rxd1+ 24. Nxd1 a5 25. a3 h6 26. Bh4 a4 27. Ba2 g5 28. Bg3 Rd8 29. Ne3 Rd4 30. Bc7 Nd5 31. Nxd5 Rd1+ 32. Kh2 exd5 33. Be5 Ra1 34. Bxg7 Kxg7 35. b3 axb3 36. Bxb3 Rxa3 37. Rb2 Kf6 38. Kg1 Ra1+ 39. Kh2 Rc1 40. Rd2 Ke5 41. f3 Rc3 42. Ba2 Ra3 43. Kg3 Ra4 44. Kf2 h5 45. Ke2 f6 0-1

[Event "2nd Cambridge Open 2024"]
[Site "Cambridge"]
[Date "2024.02.21"]
[Round "5.46"]
[White "Keohane, Ben"]
[Black "Spanton, Tim R"]
[Result "1-0"]
[ECO "C30"]
[WhiteElo "1926"]
[BlackElo "1736"]
[Annotator "RC"]
[PlyCount "134"]
[EventDate "2024.02.18"]
[EventType "swiss"]
[EventCountry "ENG"]
[SourceTitle "playchess.com"]
[Source "ChessBase"]
[SourceQuality "1"]
[TimeControl "5400+30"]

1. e4 e5 2. f4 Bc5 3. Nf3 d5 4. Nxe5 dxe4 5. Qh5 Be6 6. Nxf7 Bf2+ 7. Kxf2 Bxf7 8. Qe5+ Ne7 9. Qxg7 Rg8 10. Qe5 Nbc6 11. Qc5 Nd5 12. g3 Nxf4 13. d3 Ne6 14. Qc3 Ncd4 15. dxe4 Qf6+ 16. Kg2 O-O-O 17. Bc4 Nf4+ 18. Bxf4 Qxf4 19. Bxf7 Qxe4+ 20. Kh3 Qf5+ 21. Kg2 Qxf7 22. Nd2 Qd5+ 23. Nf3 Rgf8 24. Rhf1 Nxf3 25. Rxf3 Qd2+ 26. Kg1 Rxf3 27. Qxf3 Qxc2 28. Qg4+ Kb8 29. Qg5 Qd3 30. Rf1 b6 31. Qf5 Qd4+ 32. Rf2 Rd7 33. Kg2 Kb7 34. b3 a5 35. Qf3+ Qd5 36. Qxd5+ Rxd5 37. h4 h5 38. Rc2 Rd3 39. Re2 Kc6 40. Re6+ Kd5 41. Rh6 Ke4 42. Rxh5 Rd2+ 43. Kh3 Rxa2 44. Rb5 Kf3 45. Rf5+ Ke4 46. Kg4 Rb2 47. Rb5 Rd2 48. h5 Rd6 49. Rg5 c5 50. Rg6 Rd4 51. Rxb6 Kd3+ 52. Kf5 a4 53. bxa4 c4 54. h6 c3 55. h7 Rd8 56. Rc6 c2 57. Kg6 Kd2 58. Kg7 Rd7+ 59. Kg8 Rd8+ 60. Kg7 Rd7+ 61. Kh6 Rd8 62. g4 c1=Q 63. Rxc1 Kxc1 64. g5 Kd2 65. g6 Kc3 66. g7 Rd6+ 67. Kg5 Rd8 1-0

[Event "2nd Cambridge Open 2024"]
[Site "Cambridge"]
[Date "2024.02.21"]
[Round "5.47"]
[White "Gooding, Ian"]
[Black "Blauhut, Anna"]
[Result "1-0"]
[ECO "C49"]
[WhiteElo "1923"]
[BlackElo "1534"]
[Annotator "RC"]
[PlyCount "73"]
[EventDate "2024.02.18"]
[EventType "swiss"]
[EventCountry "ENG"]
[SourceTitle "playchess.com"]
[Source "ChessBase"]
[SourceQuality "1"]
[TimeControl "5400+30"]

1. e4 e5 2. Nf3 Nc6 3. Nc3 Nf6 4. Bb5 Bb4 5. O-O O-O 6. d3 d6 7. Bg5 Bxc3 8. bxc3 h6 9. Bh4 Bd7 10. Re1 a6 11. Bc4 Re8 12. a4 g5 13. Bg3 Ne7 14. Qd2 Kg7 15. Bb3 Ng6 16. Kh1 Nh5 17. d4 Qe7 18. Rad1 Rad8 19. Qc1 Bg4 20. Re3 Nhf4 21. Rde1 Qf6 22. Ng1 exd4 23. cxd4 Qxd4 24. f3 Bd7 25. Rd1 Qf6 26. Be1 Kg8 27. Bc3 Qe7 28. Qd2 Ne6 29. Ne2 Nc5 30. Ng3 Nf4 31. Rde1 Bc8 32. Nf5 Qf8 33. Bg7 Nxb3 34. cxb3 Qxg7 35. Nxg7 Kxg7 36. Qc3+ f6 37. Qxc7+ 1-0

[Event "2nd Cambridge Open 2024"]
[Site "Cambridge"]
[Date "2024.02.22"]
[Round "6.1"]
[White "Sonis, Francesco"]
[Black "Haubro, Martin"]
[Result "1/2-1/2"]
[ECO "A06"]
[WhiteElo "2573"]
[BlackElo "2418"]
[Annotator "TA"]
[PlyCount "97"]
[EventDate "2024.02.18"]
[EventType "swiss"]
[EventCountry "ENG"]
[SourceTitle "playchess.com"]
[Source "ChessBase"]
[SourceQuality "1"]
[TimeControl "5400+30"]

1. Nf3 d5 2. e3 Nf6 3. c4 e6 4. b3 Nbd7 5. Bb2 c6 6. d4 Bd6 7. Bd3 b6 8. O-O Bb7 9. Nbd2 Qc7 10. Rc1 O-O 11. a3 a5 12. Qc2 Rac8 13. Rfe1 Rfd8 14. Qb1 Qb8 15. h3 h6 16. Qa1 c5 17. cxd5 Nxd5 18. Bb5 (18. dxc5 {feels hotter.} Nxc5 19. Rxc5 Bxc5 20. Bxg7 Bf8 21. Bxf8 Rxf8 22. Qd4) 18... Bf8 19. e4 N5f6 20. dxc5 Nxc5 (20... Rxc5 $11 21. Rxc5 Bxc5) 21. Bxf6 $14 gxf6 22. Qxf6 Bg7 {[%emt 0:00:07] Prevents Ne5} 23. Qh4 Nd3 24. Rxc8 Qxc8 25. Re3 Nb2 26. Be2 Rd7 27. e5 (27. Qf4 {simplifies} Qc7 28. e5 Bxf3 29. Nxf3 Nd1 30. Bxd1 Rxd1+ 31. Kh2) 27... Qc1+ 28. Kh2 $1 Rxd2 29. Nxd2 Qxd2 {[%emt 0:00:05] [#]} 30. Rg3 Kh7 $1 $11 (30... Qxe2 $2 {too greedy.} 31. Qf6 $18 (31. Qxh6 $2 {is the wrong capture.} Qxe5 32. Qd2 Be4 $19) (31. Qxh6 $2 Qxe5 32. Qd2 Be4 $19)) 31. Qg4 Qg5 ({Weaker is} 31... Bxe5 32. Qg8#) 32. Qxg5 hxg5 33. Rxg5 Bd5 34. b4 Nc4 35. Bd3+ ({White should try} 35. f4 $11) 35... Kh8 $1 $15 36. Bxc4 Bxc4 37. bxa5 bxa5 38. Rxg7 Kxg7 {[%emt 0:00:07][%mdl 4096] Endgame. KB-KP} 39. f4 Kf8 40. g4 Ke7 41. h4 f6 (41... Be2 $15 42. Kg3 f5 43. exf6+ Kxf6) 42. exf6+ $11 {[%emt 0:00:38] The position is equal.} Kxf6 43. Kg3 Be2 44. h5 a4 45. h6 Bd3 46. Kf3 Bc2 47. Ke3 Kf7 48. Kd4 Bd1 49. f5 {[%emt 0:00:13] Weighted Error Value: White=0.11 (very precise) /Black=0.07 (flawless) .  Mistake:       	White=2     	Black=2      Inaccurate:     	White=2     	Black=1      OK:         	White=18    	Black=6      Best:        	White=2     	Black=1      Strong:       	White=1     	Black=2} 1/2-1/2

[Event "2nd Cambridge Open 2024"]
[Site "Cambridge"]
[Date "2024.02.22"]
[Round "6.2"]
[White "Tiviakov, Sergei"]
[Black "Dierssen Garcia-Barredo, Guiller"]
[Result "1-0"]
[ECO "B27"]
[WhiteElo "2537"]
[BlackElo "1937"]
[Annotator "TA"]
[PlyCount "101"]
[EventDate "2024.02.18"]
[EventType "swiss"]
[EventCountry "ENG"]
[SourceTitle "playchess.com"]
[Source "ChessBase"]
[SourceQuality "1"]
[TimeControl "5400+30"]

1. e4 c5 2. Nf3 g6 3. c3 Bg7 4. d4 cxd4 5. cxd4 d5 6. e5 Bg4 7. Bb5+ Nd7 8. Nbd2 Bxf3 9. Qxf3 {[%emt 0:05:38] White is slightly better.} a6 10. Bd3 e6 11. Qe2 {[%emt 0:01:09] White is more active.} Ne7 12. Nf3 Nc6 13. O-O Qb6 14. Be3 O-O 15. h4 f6 16. exf6 Nxf6 17. Rad1 Rae8 (17... Ng4 {keeps more tension.} 18. Ng5 Nxe3 19. fxe3 Ne7) 18. Ne5 Qc7 (18... Nxd4 19. Bxd4 Qxd4 20. Bxg6 Qxh4 21. Bxe8 Rxe8 22. Rd3 $11) 19. f4 Nh5 20. Rf3 {[%emt 0:02:06] Inhibits Ng3.} Ne7 21. Rc1 Qd8 22. g4 {[%emt 0:05:29] Prevents Nf5} Nf6 23. Rh3 Ne4 24. Qg2 $36 {[%emt 0:02:57][%mdl 2048] Black is under pressure.} Bxe5 25. fxe5 Rf7 {[%emt 0:00:16] Black is weak on the dark squares} 26. Bxe4 dxe4 27. Qxe4 Qd5 28. Qxd5 Nxd5 29. Bh6 Rc7 (29... Nb4 $16) 30. Rf1 {[%emt 0:03:55] Strongly threatening Rhf3.} Rf7 31. Rxf7 Kxf7 $16 {[%emt 0:00:04][%mdl 4096] Endgame. KRB-KRN} 32. Rf3+ Kg8 33. Kf2 Rc8 34. Kg3 Re8 35. Kh3 Rc8 36. h5 gxh5 37. gxh5 Re8 $2 (37... a5 38. Rb3 Rc7 39. Rg3+ Kf7 40. Rg7+ Ke8) 38. Rg3+ $18 Kh8 39. Bg7+ Kg8 {[%emt 0:00:30] [#] This move loses the game for Black.} 40. Bf6+ $1 Kf8 41. Rg7 Rc8 42. Rxh7 (42. Rxb7 Nxf6 43. exf6 h6 $16) 42... Rc7 (42... Rc1 $142 43. Rxb7 Nxf6) 43. Rxc7 Nxc7 {[%emt 0:00:02] KB-KN} 44. Kg4 Kg8 45. Kg5 {[%emt 0:00:04] [#] Kg6 would kill now.} Kh7 46. Bd8 (46. h6 $142 Nd5 47. Bg7) 46... Nd5 47. h6 b6 48. a3 b5 49. Ba5 Ne7 50. Kf6 Nc6 51. Bb6 {[%emt 0:00:08] Weighted Error Value: White=0.15 (very precise) /Black=0.20 (precise) .  Loses game:     	---       	Black=1      Mistake:       	---       	Black=3      Inaccurate:     	White=1     	Black=1      OK:         	White=16    	Black=15     Best:        	White=5     	Black=3      Strong:       	White=1     	---} 1-0